Map: Acropolis LE

Players

Ratl - Winner!

  • Race: Zerg Zerg
  • Spawn Location: 5:00

VOD

Have the link to the VOD?

Description

Time

  • Played on: Oct. 28, 2019, 1:10 p.m.
  • Length: 18:04
Show
View Real Time Build Order
Export as new Build Order

Ratl Zerg - Winner!

Build Orders:  

Get SALT Encoding   

  12  0:05  Drone  
  13  0:13  Drone  
  14  0:24  Overlord  
  14  0:39  Overlord  
  14  0:52  Drone x2  
  16  1:13  Spawning Pool  
  15  1:23  Drone  
  15  1:25  Drone  
  17  1:34  Extractor  
  16  1:48  Drone  
  17  2:15  Drone x2  
  19  2:21  Queen  
  19  2:27  Drone  
  22  2:42  Extractor  
  22  2:44  Drone  
  22  3:02  Hatchery, Drone  
  22  3:16  Drone  
  23  3:27  Drone  
  24  3:38  Zergling x2  
  25  3:59  Overlord  
  25  4:10  Zergling x4  
  25  4:12  Drone  
  28  4:28  Overlord  
  28  5:04  Zergling x6  
  28  5:09  Queen  
  33  5:11  Drone x2  
  33  5:15  Drone  
  36  5:29  Overlord  
  36  5:35  Zergling x2  
  36  5:36  Zergling x4  
  39  5:48  Drone  
  40  6:19  Drone, Roach Warren  
  40  6:20  Drone  
  40  6:21  Drone  
  42  6:31  Metabolic Boost  
  42  6:34  Drone x3  
  45  6:54  Drone x4  
  49  7:16  Roach Warren  
  49  7:18  Baneling Nest  
  47  7:23  Pneumatized Carapace  
  47  7:35  Spine Crawler  
  46  7:40  Lair  
  46  7:42  Drone  
  46  7:43  Drone x5  
  52  7:55  Zergling x6  
  52  7:56  Zergling x8  
  51  8:37  Drone  
  51  8:38  Drone x4  
  51  8:39  Drone  
  57  8:52  Extractor  
  57  8:53  Extractor  
  57  8:55  Drone  
  56  9:13  Hydralisk Den  
  56  9:17  Infestation Pit  
  54  9:28  Spire  
  53  9:32  Nydus Network  
  53  9:36  Drone x2  
  53  9:39  Drone  
  59  9:40  Drone  
  56  9:57  Zergling x4, Roach  
  60  10:02  Overlord x3  
  60  10:08  Overlord x2  
  60  10:14  Glial Reconstitution  
  60  10:17  Centrifical Hooks  
  60  10:23  Overseer  
  55  10:56  Overseer  
  55  10:58  Overseer  
  55  11:07  Overseer x2  
  55  11:08  Overseer  
  55  11:15  Overseer  
  55  11:18  Overseer  
  55  11:47  Hatchery  
  54  11:50  Extractor  
  53  12:04  Tunneling Claws  
  53  12:05  Hydralisk x3  
  53  12:06  Hydralisk  
  53  12:07  Hydralisk  
  63  12:10  Zergling x4  
  63  12:11  Zergling x2  
  63  12:13  Hydralisk  
  63  12:14  Hydralisk  
  63  12:19  Extractor  
  69  12:27  Unknown  
  69  13:27  Overseer  
  69  13:28  Overseer x2  
  69  13:41  Corruptor x2  
  69  13:42  Corruptor  
  75  13:51  Pathogen Glands  
  75  14:02  Zergling x2  
  75  14:03  Zergling x6  
  75  14:04  Zergling x2  
  75  14:06  Hydralisk  
  75  14:07  Unknown  
  82  14:10  Zerg Flyer Weapons Level 1  
  82  14:29  Nydus Canal  
  82  14:51  Infestor x2  
  82  14:52  Infestor x2  
  90  15:11  Neural Parasite  
  90  15:14  Hydralisk x3  
  90  15:16  Zergling x2  
  90  15:17  Zergling x6  
  88  17:07  Hydralisk x4  
  88  17:08  Hydralisk x4  
  103  17:15  Zergling x4  
  103  17:16  Zergling x4  
Tags
 
Add a new tag
Caveats
  • Supply blocks, unpowered buildings, or Contaminate may cause inaccurate times.
  • Supply counts are checked every 10 seconds.